 Dungeon Crawl Stone Soup version 0.17.0-27-g4a3f43e (webtiles) character file.

22 septik the Digger (level 2, 0/15 HPs)
             Began as a Gargoyle Earth Elementalist on Nov 21, 2015.
             Slain by a kobold
             ... wielding a +0 spear
              (4 damage)
             ... on level 1 of the Dungeon.
             The game lasted 00:02:04 (1008 turns).

septik the Digger (Gargoyle Earth Elementalist)     Turns: 1008, Time: 00:02:04

Health: 0/15       AC:  4    Str: 11    XL:     2   Next: 91%
Magic:  5/5        EV: 12    Int: 15    God:
Gold:   24         SH:  0    Dex: 10    Spells: 1 memorised, 5 levels left

rFire  . . .     SeeInvis .     i - -3 hunting sling (curse)
rCold  . . .     Clarity  .     a - +0 robe
rNeg   + . .     SustAt   .     (no shield)
rPois  ∞         Gourm    .     (no helmet)
rElec  +         Spirit   .     (no cloak)
rCorr  .         Warding  .     (no gloves)
rMut   .         Stasis   .     (no boots)
MR     .....                    (no amulet)
Stlth  ++........               (no ring)
                                (no ring)

@: not resistant to hostile enchantments, unstealthy
A: negative energy resistance 1, electricity resistance, unbreathing,
petrification resistance, rot immunity, AC +2
a: no special abilities


You were on level 1 of the Dungeon.
You were not hungry.

You visited 1 branch of the dungeon, and saw 1 of its levels.

You collected 24 gold pieces.

Inventory:

Hand Weapons
 g - a +0 club
 i - a cursed -3 hunting sling (weapon)
Missiles
 b - 63 stones (quivered)
 m - 8 silver sling bullets
Armour
 a - a +0 robe (worn)
Jewellery
 e - an uncursed amulet of regeneration {unknown}
Potions
 j - a potion of magic {unknown}
 k - a potion of flight {unknown}
 l - a potion of curing {unknown}
 n - a potion of mutation {unknown}
Books
 c - a book of Geomancy

   Spells                             Type                      Level
   a - Sandblast                      Earth                        1
   b - Stoneskin                      Transmutation/Earth          2
   c - Passwall                       Transmutation/Earth          3
   d - Stone Arrow                    Conjuration/Earth            3
   e - Petrify                        Transmutation/Earth          4
   f - Lee's Rapid Deconstruction     Earth                        5
Comestibles
 d - a bread ration
 f - a meat ration
 h - 4 chunks of flesh


   Skills:
 - Level 1.5 Dodging
 - Level 2.1 Stealth
 * Level 2.7 Spellcasting
   Level 0.7 Transmutations
 + Level 4.1 Earth Magic


You had 5 spell levels left.
You knew the following spells:

 Your Spells              Type           Power        Failure   Level  Hunger
a - Sandblast             Erth           ##....       4%          1    #......


Dungeon Overview and Level Annotations

Branches:
Dungeon (1/15)

Altars:


Innate Abilities, Weirdness & Mutations

You are resistant to torment.
Your stone body is resilient (AC +2).
You are immune to poison.
You resist negative energy.
You are resistant to electric shocks.
You can survive without breathing.
You are immune to petrification.
You are immune to rotting.


Message History

The stone barely misses the kobold.
Something hits you but does no damage.
Firing (i - inventory. (,) - cycle):
b - 66 stones (quivered)
Press: ? - help, Shift-Dir - straight line, f/p - bat
Aim: a bat You shoot a stone.
The stone hits the bat.
You kill the bat!
Something hits you but does no damage. Something hits you.
Firing (i - inventory. (,) - cycle):
b - 65 stones (quivered)
Press: ? - help, Shift-Dir - straight line, f - kobold
Aim: a kobold, wielding a club You shoot a stone.
The stone hits the kobold but does no damage.
The kobold throws a stone.
The stone hits you.
* * * LOW HITPOINT WARNING * * *
Something hits you but does no damage.
Firing (i - inventory. (,) - cycle):
b - 64 stones (quivered)
Press: ? - help, Shift-Dir - straight line, f/p - kobold
Aim: a kobold, wielding a club You shoot a stone.
The stone barely misses the kobold.
Something hits you.
You die...

#.....# #.....#
#.....#
#.....#####
#.........#
####.........#
#............##
#....#........#
#....##......@#
#....########.#
#....# #.#
#..... #K#
####.. ... ...
... .(.. .(((.


You could see a kobold.

Vanquished Creatures
  3 giant geckos (D:1)
  2 giant cockroaches (D:1)
  2 goblins (D:1)
  2 hobgoblins (D:1)
  2 kobolds (D:1)
  4 bats (D:1)
  2 rats (D:1)
17 creatures vanquished.

Notes
Turn   | Place    | Note
--------------------------------------------------------------
     0 | D:1      | septik the Gargoyle Earth Elementalist began the quest for the Orb.
     0 | D:1      | Reached XP level 1. HP: 10/10 MP: 3/3
   512 | D:1      | Reached XP level 2. HP: 15/15 MP: 5/5
   894 | D:1      | Reached skill level 4 in Earth Magic
  1008 | D:1      | Slain by a kobold

Action                   || total
-------------------------++-------
Melee: Unarmed           ||     5
       Club              ||     4
 Fire: Hunting sling     ||   127
 Cast: Sandblast         ||     7
  Use: Scroll            ||     1
